 Dungeon Crawl Stone Soup version 0.24-a0-479-g9a978d2894 (webtiles) character file.

Game seed: 9257347042873947581

124 Gynju the Conjurer (level 4, 0/33 HPs)
             Began as a Draconian Conjurer on July 8, 2019.
             Slain by Natasha (6 damage)
             ... on level 3 of the Dungeon.
             The game lasted 00:08:55 (3370 turns).

Gynju the Conjurer (Draconian Conjurer)             Turns: 3370, Time: 00:08:55

Health: 0/33       AC:  6    Str: 10    XL:     4   Next: 81%
Magic:  4/9        EV: 11    Int: 16    God:
Gold:   111        SH:  4    Dex: 12    Spells: 8/9 levels left

rFire    . . .     SeeInvis .   a - +0 short sword (drain)
rCold    . . .     Gourm    .   k - +0 buckler
rNeg     . . .     Faith    .   (armour unavailable)
rPois    .         Spirit   .   (helmet restricted)
rElec    .         Reflect  .   e - +0 cloak
rCorr    .         Harm     .   (no gloves)
MR       .....                  (no boots)
Stlth    ++........             (no amulet)
HPRegen  0.11/turn              (no ring)
MPRegen  0.11/turn              (no ring)

@: no status effects
A: unfitting armour, cold-blooded, AC +5
a: no special abilities


You were on level 3 of the Dungeon.
You were hungry.

You visited 1 branch of the dungeon, and saw 3 of its levels.

You collected 111 gold pieces.

Inventory:

Hand Weapons
 a - a +0 short sword of draining (weapon)
Armour
 e - a +0 cloak (worn)
 k - a +0 buckler (worn)
Jewellery
 f - an uncursed amulet of the acrobat
Wands
 p - a wand of flame (18)
Scrolls
 c - a scroll of amnesia {unknown}
 g - 2 scrolls of identify {unknown}
 i - a scroll of blinking {unknown}
 j - a scroll of enchant weapon {unknown}
 l - a scroll of magic mapping {unknown}
 n - 2 scrolls of teleportation {unknown}
 o - 2 scrolls of remove curse {unknown}
Potions
 d - a potion of cancellation {unknown}
 h - 2 potions of curing {unknown}
 m - a potion of lignification {unknown}
Comestibles
 b - 5 rations
 q - 2 chunks of flesh


   Skills:
 - Level 1.7 Dodging
 - Level 1.7 Stealth
 + Level 1.6 Shields
 + Level 3.3 Spellcasting
 - Level 5.0 Conjurations


You had 8 spell levels left.
You knew the following spells:

 Your Spells              Type           Power        Failure   Level  Hunger
a - Magic Dart            Conj           ###.         3%          1    None

Your spell library contained the following spells:

 Spells                   Type           Power        Failure   Level  Hunger
 Searing Ray              Conj           ###...       4%          2    ##.....
 Dazzling Spray           Conj/Hex       ##....       26%         3    ###....
 Iskenderun's Mystic Bla  Conj           ###.....     30%         4    ####...
 Force Lance              Conj/Tloc      ##......     63%         4    ####...
 Fulminant Prism          Conj/Hex       ##........   63%         4    ####...


Dungeon Overview and Level Annotations

Branches:
Dungeon (3/15)

Altars:

Annotations:
D:3 Natasha, Purgy


Innate Abilities, Weirdness & Mutations

Your plain brown scales are hard. (AC +5)
You cannot fit into any form of body armour.
You are cold-blooded and may be slowed by cold attacks.


Message History

The bat hits you but does no damage.
Natasha mumbles some strange words.
The bat hits you but does no damage.
The crimson imp blinks!
Things that are here:
a cursed +0 flail; a +0 chain mail; a +0 club The bat hits you but does no damage.
You block Natasha's attack.
You hit Natasha. You drain Natasha.
Natasha is moderately wounded.
The bat hits you.
The orc priest calls down the wrath of Beogh upon you.
Pain shoots through your body!
Natasha stares at you and mumbles some strange words.
The magic dart hits you.
* * * LOW HITPOINT WARNING * * *
You barely miss the orc priest. The bat closely misses you.
The orc priest invokes the aid of Beogh against you.
You barely resist. Natasha completely misses you.
You hit the orc priest but do no damage.
The orc priest closely misses you. Natasha claws you.
You die...

#########
#.......T #.#
#.# #)#######
#######@#.....#
......5ho...$.+
....###b#....†#
.. #.#.....#
#.#..<..#
..######.. ...
... .... ....
.... ....


You could see an orc priest, Natasha, a crimson imp and a bat.

Vanquished Creatures
  Robin (D:2)
  4 adders
  An ooze (D:2)
  A worm (D:2)
  3 dart slugs
  2 orcs (D:3)
  A giant cockroach (D:1)
  16 goblins
  7 hobgoblins
  4 jackals (D:1)
  7 kobolds
  2 ball pythons
  4 bats
  3 frilled lizards
  7 rats
63 creatures vanquished.

Notes
Turn   | Place    | Note
-------+----------+-------------------------------------------
     0 | D:1      | Gynju the Draconian Conjurer began the quest for the Orb.
     0 | D:1      | Reached XP level 1. HP: 14/14 MP: 3/3
   411 | D:1      | Reached XP level 2. HP: 20/20 MP: 0/5
  1212 | D:1      | Reached XP level 3. HP: 25/26 MP: 1/7
  2079 | D:2      | Noticed Robin
  2670 | D:2      | Reached skill level 1 in Shields
  2670 | D:2      | Reached XP level 4. HP: 33/33 MP: 4/8
  3222 | D:2      | Killed Robin
  3343 | D:3      | Reached skill level 5 in Conjurations
  3351 | D:3      | Noticed Natasha
  3357 | D:3      | Noticed Purgy
  3370 | D:3      | Slain by Natasha

Levels and vault maps discovered:
D:1:      dpeg_arrival_water_fire, layout_basic
D:2:      layout_basic, first_ration, uniq_robin
D:3:      kennysheep_six_static_rooms, layout_basic, uniq_natasha, uniq_purgy

Skill      XL: |  1  2  3  4 |
---------------+-------------+-----
Spellcasting   | 3 |  3.3
Shields        | 1 |  1.6
Conjurations   | 5 |  5.0
Dodging        | |  1.7
Stealth        | |  1.7

Action                   |  1- 3 |  4- 6 || total
-------------------------+-------+-------++-------
Melee: Unarmed           |    37 |       ||    37
       Short sword       |    56 |    28 ||    84
       Tailslap          |     5 |     2 ||     7
 Cast: Magic Dart        |    87 |    34 ||   121
  Eat: Chunk             |     6 |     2 ||     8
Armor: Skin              |    58 |    11 ||    69
Dodge: Dodged            |    92 |    16 ||   108
Block: Buckler           |     7 |     5 ||    12

Table legend:
 A = Non-vault XP
 B = Vault XP
 C = Vault XP percentage of total XP
 D = Non-vault monster count
 E = Vault monster count
 F = Vault count percentage of total count
                 A         B        C        D         E       F
            +---------+---------+-------+---------+---------+-------
      Total |     143 |      35 |  19.7 |      51 |      12 |  19.0
            +---------+---------+-------+---------+---------+-------
        D:1 |      48 |       6 |  11.1 |      27 |       3 |  10.0
        D:2 |      76 |      29 |  27.6 |      21 |       9 |  30.0
        D:3 |      19 |       0 |   0.0 |       3 |       0 |   0.0
            +---------+---------+-------+---------+---------+-------
